 Dungeon Crawl Stone Soup version 0.32-a0-42-ga30500b4d3 (webtiles) character file.

Game seed: 10341104128336423661

14212 CraigForest the Brawler (level 11, -4/100 HPs)
             Began as a Troll Fighter on Feb 1, 2024.
             Was a High Priest of Qazlal.
             Slain by Frances
             ... wielding a +0 short sword
              (22 damage)
             ... on level 12 of the Dungeon.
             The game lasted 00:28:47 (9741 turns).

CraigForest the Brawler (Troll Fighter)             Turns: 9741, Time: 00:28:47

Health: -4/100     AC: 11    Str: 30    XL:     11   Next: 85%
Magic:  10/10      EV:  9    Int:  4    God:    Qazlal [*****.]
Gold:   516        SH: 18    Dex: 15    Spells: 10/10 levels left

rFire   . .          .
                       - Unarmed
rCold   . . .        b - +1 kite shield
rNeg    . . .        D - +0 acid dragon scales
rPois   .            (helmet restricted)
rElec   .            (no cloak)
rCorr   +            (gloves unavailable)
SInv    .            (boots unavailable)
Will    +....        (no amulet)
Stlth   +            l - +6 ring of dexterity
HPRegen 1.96/turn    q - ring of willpower
MPRegen 0.12/turn

%: repel missiles
@: protected from physical damage
A: large, unfitting armour, claws 3, regeneration 2, shaggy fur 1, tough skin 1
a: Renounce Religion, Upheaval, Elemental Force, Disaster Area


You were on level 12 of the Dungeon.
You worshipped Qazlal.
Qazlal was extremely pleased with you.
You visited 2 branches of the dungeon, and saw 13 of its levels.

You collected 824 gold pieces.
You spent 308 gold pieces at shops.

Inventory:

Hand Weapons
 F - a +1 scimitar of flaming
Missiles
 e - 2 atropa-tipped darts
 g - 16 boomerangs (quivered)
 J - a throwing net
Armour
 a - a +0 robe
 b - a +1 kite shield (worn)
 i - a +2 robe of cold resistance
 z - a +2 robe of resistance
 D - +0 acid dragon scales (worn)
Jewellery
 l - a +6 ring of dexterity (left claw)
 q - a ring of willpower (right claw)
 t - a ring of willpower
 E - an amulet of guardian spirit
 K - an amulet of magic regeneration
Talismans
 n - a maw talisman
 I - a beast talisman
Wands
 f - a wand of polymorph (13)
 x - a wand of digging (11)
 A - a wand of roots (14)
 B - a wand of mindburst (14)
 G - a wand of charming (7)
Scrolls
 r - 3 scrolls of identify
 s - 9 scrolls of teleportation
 y - 3 scrolls of blinking
 H - 2 scrolls of enchant weapon
 L - a scroll of poison
Potions
 c - 4 potions of might
 d - 4 potions of degeneration
 h - 2 potions of mutation
 j - 3 potions of lignification
 k - 3 potions of attraction
 m - 2 potions of brilliance
 o - a potion of resistance
 p - 5 potions of curing
 u - a potion of berserk rage
 v - a potion of haste
 w - a potion of heal wounds
 C - a potion of invisibility


   Skills:
 + Level 4.1 Fighting
 + Level 1.3 Throwing
 + Level 2.8 Armour
 - Level 3.0 Dodging
 + Level 8.0 Shields
 * Level 16.2 Unarmed Combat


You had 10 spell levels left.
You didn't know any spells.
Your spell library contained the following spells:

 Spells                   Type           Power      Damage    Failure   Level
 Magic Dart               Conj           0%         1d3       75%         1
 Searing Ray              Conj           0%         2d4       86%         2
 Sublimation of Blood     Necr           0%         N/A       86%         2
 Call Canine Familiar     Summ           0%         N/A       98%         3
 Frozen Ramparts          Ice            0%         1d1       98%         3
 Sigil of Binding         Hex            0%         N/A       98%         3
 Stone Arrow              Conj/Erth      0%         3d7       98%         3
 Animate Armour           Summ/Erth      0%         N/A       100%        4
 Dimensional Bullseye     Hex/Tloc       0%         N/A       100%        4
 Fulminant Prism          Conj/Alch      0%         3d5       100%        4
 Leda's Liquefaction      Alch/Erth      0%         N/A       100%        4
 Petrify                  Alch/Erth      0%         N/A       100%        4
 Irradiate                Conj/Alch      0%         3d11      100%        5
 Metabolic Englaciation   Hex/Ice        0%         N/A       100%        5
 Lehudib's Crystal Spear  Conj/Erth      0%         10d2      100%        8


Dungeon Overview and Level Annotations

Branches:
Dungeon (12/15)            Temple (1/1) D:4            Lair (0/5) D:9
    Orc (0/2) D:9

Altars:
Ashenzari
Cheibriados
Dithmenos
Elyvilon
Fedhas
Gozag
Hepliaklqana
Kikubaaqudgha
Makhleb
Nemelex Xobeh
Okawaru
Qazlal
Ru
Sif Muna
Trog
Uskayaw
Vehumet
Wu Jian
Xom
Yredelemnul
Zin
The Shining One

Shops:
D:6 !

Annotations:
D:12 Frances


Innate Abilities, Weirdness & Mutations

You are too large for most types of armour.
You have claws for hands.
You heal very quickly.
You are covered in fur. (AC +1)
You have tough skin. (AC +1)


Message History

You are too injured to fight recklessly!
You are too injured to fight recklessly!
You are too injured to fight recklessly!
You are too injured to fight recklessly!
You are too injured to fight recklessly!
You are too injured to fight recklessly!
You are too injured to fight recklessly!
You are too injured to fight recklessly!
You are too injured to fight recklessly!
You are too injured to fight recklessly!
You are too injured to fight recklessly!
You are too injured to fight recklessly!
You claw Frances!
Frances is severely wounded.
Frances chants phrases taken from a devil's mouth.
You barely miss Frances.
Frances is severely wounded.
You block Frances's attack.
You completely miss Frances.
Frances is severely wounded.
You block the rust devil's attack. Frances hits you with a +0 short sword.
You feel more protected from physical attacks.
You scratch Frances.
Frances is severely wounded.
Frances hits you with a +0 short sword! You block the orange demon's attack.
You block the rust devil's attack.
You claw Frances!
Frances is severely wounded.
Frances hits you with a +0 short sword!!
* * * LOW HITPOINT WARNING * * *
You feel more protected from physical attacks.
The rust devil barely misses you.
The orange demon stings you but does no damage.
You mangle Frances!!
Frances is almost dead.
Frances completely misses you.
You closely miss Frances.
Frances is almost dead.
Frances hits you with a +0 short sword!!
You die...

###################
....................#
.................[..#
....................#
....................#
..........#####4.○°.#
..........'...#.@.§.#
........###...###@4.#
####[...##...#
....... #..#..'...+
....... #..########
....... #..# .......
#..# .###### #..# .#
#..#


You could see Frances (fast), an orange demon (summoned) and a rust devil
(summoned).

Vanquished Creatures
  Erica (D:11)
  2 two-headed ogres
  Pikel (D:5)
  An ugly thing (D:11)
  A deep elf pyromancer (D:9)
  A manticore (D:11)
  A komodo dragon (D:8)
  2 trolls
  Prince Ribbit (D:7)
  2 wraiths (D:11)
  2 shadows
  2 wyverns
  A vampire (D:12)
  23 yaks
  A warg (D:9)
  2 vampire mosquitoes
  2 acid dragons
  Duvessa (D:5)
  2 ice beasts
  2 black bears (D:5)
  4 orc warriors
  2 sky beasts
  2 wolves (D:9)
  3 ogres
  5 centaurs
  A lemure (D:5)
  4 phantoms
  3 kobold brigands
  3 scorpions
  3 bullfrogs
  4 wights (D:8)
  Dowan (D:5)
  11 killer bees
  A howler monkey (D:9)
  3 jellies (D:5)
  4 bombardier beetles
  4 hounds
  A gnoll bouda (D:10)
  13 orc priests
  7 iguanas
  10 orc wizards
  An ogre zombie (D:4)
  5 gnolls (D:10)
  6 adders
  An orc zombie (D:4)
  4 dart slugs
  2 ribbon worms
  63 orcs
  4 bats
  10 endoplasms
  14 giant cockroaches
  9 goblins
  8 hobgoblins
  4 jackals (D:4)
  29 kobolds
  4 quokkas
  10 ball pythons
  6 frilled lizards
  2 rats (D:1)
322 creatures vanquished.

Vanquished Creatures (others)
  A quokka (D:8)
1 creature vanquished.

Grand Total: 323 creatures vanquished

Notes
Turn   | Place    | Note
-------+----------+-------------------------------------------
     0 | D:1      | CraigForest the Troll Fighter began the quest for the Orb.
     0 | D:1      | Reached XP level 1. HP: 22/22 MP: 0/0
   143 | D:1      | Reached XP level 2. HP: 29/29 MP: 1/1
   622 | D:1      | Reached XP level 3. HP: 22/36 MP: 2/2
   986 | D:2      | Found a faded altar of an unknown god.
  1241 | D:2      | Reached skill level 3 in Unarmed Combat
  1665 | D:2      | Reached XP level 4. HP: 41/44 MP: 3/3
  2109 | D:3      | Reached skill level 4 in Unarmed Combat
  2152 | D:3      | Reached XP level 5. HP: 50/50 MP: 4/4
  2926 | D:4      | Found a transporter.
  2941 | D:4      | Noticed a phantom
  2949 | D:4      | Killed a phantom
  2950 | D:4      | Reached skill level 5 in Unarmed Combat
  2950 | D:4      | Reached XP level 6. HP: 48/59 MP: 5/5
  2997 | D:4      | Found a transporter.
  3180 | D:4      | Reached skill level 6 in Unarmed Combat
  3287 | D:4      | Found a staircase to the Ecumenical Temple.
  3293 | Temple   | Entered the Ecumenical Temple
  3305 | Temple   | Became a worshipper of Qazlal Stormbringer
  3711 | D:4      | Gained mutation: You heal very quickly. [potion of
                  | mutation]
  3765 | D:5      | Entered Level 5 of the Dungeon
  3779 | D:5      | Reached XP level 7. HP: 65/66 MP: 6/6
  3867 | D:5      | Found a snail-covered altar of Cheibriados.
  3921 | D:5      | Reached skill level 7 in Unarmed Combat
  4007 | D:5      | Noticed Dowan
  4010 | D:5      | Noticed Duvessa
  4019 | D:5      | Killed Duvessa
  4031 | D:5      | Killed Dowan
  4032 | D:5      | Reached skill level 8 in Unarmed Combat
  4134 | D:5      | Noticed Pikel
  4150 | D:5      | Killed Pikel
  4151 | D:5      | Reached skill level 9 in Unarmed Combat
  4151 | D:5      | Reached XP level 8. HP: 75/75 MP: 7/7
  4320 | D:5      | Noticed a two-headed ogre
  4338 | D:5      | Reached skill level 10 in Unarmed Combat
  4356 | D:5      | Reached * piety under Qazlal
  4362 | D:5      | Reached XP level 9. HP: 83/83 MP: 8/8
  4391 | D:5      | Killed a two-headed ogre
  4392 | D:5      | Reached skill level 5 in Shields
  4392 | D:5      | Reached skill level 11 in Unarmed Combat
  4775 | D:6      | Found Haown's Distillery.
  4787 | D:6      | Bought a potion of attraction for 42 gold pieces
  4787 | D:6      | Bought a potion of berserk rage for 70 gold pieces
  4787 | D:6      | Bought a potion of curing for 42 gold pieces
  4787 | D:6      | Bought a potion of curing for 42 gold pieces
  4787 | D:6      | Bought a potion of heal wounds for 70 gold pieces
  4787 | D:6      | Bought a potion of curing for 42 gold pieces
  4940 | D:6      | Reached skill level 12 in Unarmed Combat
  4998 | D:6      | Reached ** piety under Qazlal
  5354 | D:7      | Noticed Prince Ribbit
  5375 | D:7      | Killed Prince Ribbit
  5700 | D:8      | Noticed a komodo dragon
  5709 | D:8      | You fall into a shaft and drop 3 floors!
  5726 | D:11     | Reached XP level 10. HP: 68/92 MP: 9/9
  5737 | D:11     | Reached skill level 13 in Unarmed Combat
  5770 | D:11     | Noticed a cyan ugly thing
  5777 | D:11     | Killed a cyan ugly thing
  5778 | D:11     | Reached skill level 1 in Throwing
  5850 | D:11     | Noticed a manticore
  5859 | D:11     | Killed a manticore
  5901 | D:10     | Entered Level 10 of the Dungeon
  5950 | D:11     | Noticed Erica
  5961 | D:11     | Killed Erica
  5962 | D:11     | Reached skill level 1 in Armour
  5972 | D:11     | Reached skill level 14 in Unarmed Combat
  6055 | D:10     | Reached *** piety under Qazlal
  6238 | D:10     | Found a broken altar of Ashenzari.
  6346 | D:10     | Reached XP level 11. HP: 33/100 MP: 10/10
  6436 | D:9      | Found a staircase to the Lair.
  6594 | D:9      | Found a staircase to the Orcish Mines.
  6602 | D:9      | Reached **** piety under Qazlal
  6731 | D:9      | Noticed a deep elf pyromancer
  6738 | D:9      | Killed a deep elf pyromancer
  6739 | D:9      | Reached skill level 15 in Unarmed Combat
  7895 | D:8      | Found a white marble altar of Elyvilon.
  8133 | D:8      | Found a blossoming altar of Fedhas.
  8153 | D:8      | Found a sparkling altar of Nemelex Xobeh.
  8154 | D:8      | Found a burning altar of Makhleb.
  8361 | D:8      | Noticed a +0 spear
  8361 | D:8      | Noticed a +0 dagger
  8361 | D:8      | Noticed a +0 short sword
  8363 | D:8      | Noticed a +0 short sword
  8364 | D:8      | Noticed a +0 dagger
  8364 | D:8      | Noticed a +0 falchion
  8366 | D:8      | Noticed a +0 falchion
  8366 | D:8      | Noticed a +0 spear
  8370 | D:8      | Found a hide-covered altar of Uskayaw.
  8631 | D:10     | Reached ***** piety under Qazlal
  9041 | D:11     | Noticed a two-headed ogre
  9045 | D:11     | Killed a two-headed ogre
  9259 | D:11     | Reached skill level 16 in Unarmed Combat
  9295 | D:11     | Identified the +10 dagger of Springtime {drain, rC+}
  9727 | D:12     | Noticed Frances
  9741 | D:12     | Slain by Frances

Illustrated notes

Levels and vault maps discovered:
D:1:      mrwooster_arrival_statue_3, layout_basic
D:2:      layout_loops_ring, serial_forest, infiniplex_forest_lined_1,
          infiniplex_forest_lined_3, infiniplex_forest_lined_corner,
          infiniplex_forest_lined_room_2, infiniplex_forest_straight_3,
          basic_ecumenical_altar, st_stairs_6, kennysheep_generic_room_8
D:3:      minmay_roachtagon, layout_basic
D:4:      gammafunk_cloud_chamber, layout_gridville, minmay_temple_entry_fiery
D:5:      minmay_clustersquares, layout_loops_ring, cheibrodos_worm_habitat,
          uniq_duvessa, uniq_pikel
D:6:      layout_loops_ring, serial_shops, shop
D:7:      layout_rooms, uniq_prince_ribbit1
D:8:      layout_cave_pods, elyvilon_altar_4, minitemple,
          nicolae_uskayaw_en_pointe, st_stairs_7, minmay_lizard_king
D:9:      layout_layer_cave, erik_lair_orcish_takeover, hiddenorc2_lemuel
D:10:     layout_irregular_city, nicolae_ashenzari_panopticon
D:11:     layout_basic, uniq_erica
D:12:     layout_irregular_city, enter_trove_3, small_chamber_with_monster,
          kennysheep_nondescript, uniq_nessos, uniq_frances, uniq_maurice
Temple:   eino_wide_crystal_templ

Skill      XL: |  1  2  3  4  5  6  7  8  9 10 11 |
---------------+----------------------------------+-----
Shields        | 3 4 5 6 8 |  8.0
Unarmed Combat | 3 4 5 6 9 10 12 14 16 | 16.2
Dodging        | 3 |  3.0
Fighting       | 3 4 |  4.1
Throwing       | 1 |  1.3
Armour         | 2 |  2.8

Action                     |  1- 3 |  4- 6 |  7- 9 | 10-12 || total
---------------------------+-------+-------+-------+-------++-------
  Melee: Unarmed           |   119 |   143 |   213 |   362 ||   837
  Throw: Boomerang         |       |       |     5 |     1 ||     6
         Dart              |       |       |     2 |       ||     2
    Use: Scroll            |     1 |     9 |     5 |     3 ||    18
         Potion            |       |     1 |     4 |       ||     5
   Stab: Sleeping          |     1 |     5 |       |       ||     6
 Armour: Robe              |    47 |    55 |   110 |     3 ||   215
         Acid dragon scale |       |       |       |   202 ||   202
  Dodge: Dodged            |    34 |    27 |    58 |   108 ||   227
  Block: Kite shield       |    46 |    53 |   106 |   383 ||   588

Table legend: (Time is in decaauts)
 A = Elapsed time spent in this place.
 B = Non-inter-level travel time spent in this place.
 C = Inter-level travel time spent in this place.
 D = Time resting spent in this place.
 E = Time spent auto-exploring this place.
 F = Levels seen in this place.
 G = Mean time per level.
                   A        B        C        D        E       F      G
               +--------+--------+--------+--------+--------+-----+--------+
         Total |   9685 |   9174 |    511 |    300 |   6277 |  13 |  745.0 |
       Dungeon |   9666 |   9155 |    511 |    300 |   6277 |  12 |  805.5 |
        Temple |     18 |     18 |      0 |      0 |      0 |   1 |   18.0 |
               +--------+--------+--------+--------+--------+-----+--------+

Top non-repeatable levels by time:
     D:9: 1421 daAuts
     D:3: 1038 daAuts
     D:1: 991 daAuts
     D:4: 869 daAuts
    D:10: 864 daAuts
     D:2: 856 daAuts
    D:11: 849 daAuts
     D:5: 837 daAuts
     D:8: 809 daAuts
     D:6: 549 daAuts
     D:7: 478 daAuts
    D:12: 99 daAuts
  Temple: 18 daAuts
